 Dungeon Crawl Stone Soup version 0.27-a0-1296-g8ece459b43 (webtiles) character file.

Game seed: 4607012490863709573

2639 HAL9000 the Slicer (level 9, 0/42 HPs)
             Began as a Vine Stalker Brigand on June 16, 2021.
             Was a Follower of Uskayaw.
             Slain by a water moccasin (1 damage)
             ... on level 7 of the Dungeon.
             The game lasted 00:19:20 (6380 turns).

HAL9000 the Slicer (Vine Stalker Brigand)           Turns: 6380, Time: 00:19:21

Health: 0/42       AC: 11    Str: 16    XL:     9   Next: 61%
Magic:  0/19       EV: 12    Int: 12    God:    Uskayaw [*.....]
Gold:   272        SH:  0    Dex: 16    Spells: 2/8 levels left

rFire    . . .     SeeInvis .   t - +1 dagger (venom)
rCold    . . .     Faith    .   (no shield)
rNeg     . . .     Spirit   +   b - +0 robe
rPois    .         Reflect  .   l - +1 helmet
rElec    .         Harm     .   p - +1 cloak
rCorr    .         Rampage  .   k - +0 pair of gloves
Will     +....                  (no boots)
Stlth    +++.......             (no amulet)
HPRegen  1.14/turn              g - ring of magical power
MPRegen  0.16/turn              r - +4 ring of protection

@: lethally poisoned (0 -> -3), silenced, studying Fire Magic
A: fangs 3, regeneration 1, magic shield, antimagic bite, no potion heal 2
a: Renounce Religion


You were on level 7 of the Dungeon.
You worshipped Uskayaw.
Uskayaw was noncommittal.
You visited 2 branches of the dungeon, and saw 8 of its levels.

You collected 272 gold pieces.

Inventory:

Hand Weapons
 a - a +2 dagger
 t - a +1 dagger of venom (weapon)
Missiles
 d - 25 poisoned darts (quivered)
 e - a curare-tipped dart
Armour
 b - a +0 robe (worn)
 k - a +0 pair of gloves (worn)
 l - a +1 helmet (worn)
 p - a +1 cloak (worn)
Jewellery
 g - a ring of magical power (left hand)
 r - a +4 ring of protection (right hand)
 v - a ring of ice
 y - a ring of resist corrosion
Wands
 s - a wand of polymorph (21)
Scrolls
 f - 5 scrolls of vulnerability {unknown}
 h - a scroll of silence
 j - 3 scrolls of teleportation
 m - a scroll of enchant armour {unknown}
 n - 3 scrolls of identify
 u - a scroll of amnesia {unknown}
 x - a scroll of magic mapping {unknown}
 z - a scroll of fog {unknown}
 B - a scroll of torment {unknown}
 C - a scroll of immolation {unknown}
 D - a scroll of noise {unknown}
 E - a scroll of summoning {unknown}
 F - 2 scrolls of enchant weapon {unknown}
Potions
 c - 2 potions of curing {unknown}
 i - a potion of haste {unknown}
 o - a potion of heal wounds {unknown}
 q - a potion of resistance {unknown}
 w - 2 potions of lignification {unknown}
 A - 2 potions of flight {unknown}
 G - a potion of cancellation {unknown}


   Skills:
 - Level 1.8 Fighting
 + Level 8.5 Short Blades
 - Level 1.7 Throwing
 - Level 1.0 Dodging
 + Level 8.1 Stealth
 - Level 7.4 Hexes


You had 2 spell levels left.
You knew the following spells:

 Your Spells              Type           Power      Damage    Failure   Level
a - Confusing Touch       Hex            17%        N/A       4%          3
b - Tukima's Dance        Hex            17%        N/A       4%          3

Your spell library contained the following spells:

 Spells                   Type           Power      Damage    Failure   Level
 Corona                   Hex            18%        N/A       1%          1
 Ensorcelled Hibernation  Hex/Ice        16%        N/A       11%         2
 Sandblast                Erth           0%         2d4       32%         1
 Dazzling Flash           Conj/Hex       16%        N/A       22%         3
 Gell's Gravitas          Tloc           0%         N/A       69%         3
 Metabolic Englaciation   Hex/Ice        4%         N/A       90%         5
 Yara's Violent Unravell  Hex/Tmut       4%         3d4       90%         5
 Petrify                  Tmut/Erth      0%         N/A       97%         4


Dungeon Overview and Level Annotations

Branches:
Dungeon (7/15)             Temple (1/1) D:6

Altars:
Ashenzari
Cheibriados
Elyvilon
Fedhas
Gozag
Hepliaklqana
Kikubaaqudgha
Nemelex Xobeh
Okawaru
Qazlal
Ru
Sif Muna
Trog
Uskayaw
Wu Jian
Xom
Yredelemnul
Zin
The Shining One


Innate Abilities, Weirdness & Mutations

You have razor-sharp teeth.
Your natural rate of healing is unusually fast.
When hurt, damage is shared between your health and your magic reserves.
Your bite disrupts and absorbs the magic of your enemies.
Potions cannot restore your health.


Message History

Unknown command.
You hit the steam dragon but do no damage.
You bite the steam dragon, but do no damage.
The steam dragon is severely wounded.
Unknown command.
You hit the steam dragon but do no damage.
The steam dragon appears confused.
You bite the steam dragon, but do no damage.
The steam dragon is severely wounded.
The water moccasin bites you!
* * * LOW HITPOINT WARNING * * *
Unknown command.
The water moccasin is engulfed in a cloud of scalding steam. x2
The water moccasin bites you.
* * * LOW HITPOINT WARNING * * *
You hit the water moccasin but do no damage.
The water moccasin is moderately wounded.
The water moccasin bites you but does no damage.
Unknown command.
You hit the water moccasin but do no damage.
You bite the water moccasin. You drain its power.
You feel invigorated.
The water moccasin is heavily wounded.
The water moccasin bites you!
* * * LOW HITPOINT WARNING * * *
You are lethally poisoned!
The water moccasin poisons you!
Okay, then.
As you read the scroll labelled JISKOTAMACI, it crumbles to dust.
It is a scroll of identify.
j - 3 scrolls of teleportation
* * * LOW HITPOINT WARNING * * *
You feel very sick. The water moccasin closely misses you.
Unknown command.
As you read the scroll labelled ZUT OMUIDWAU, it crumbles to dust.
A profound silence engulfs you.
It was a scroll of silence.
* * * LOW HITPOINT WARNING * * *
You feel very sick.
You feel a bit more experienced. The water moccasin bites you!
You die...

##.##.###### ## ###
##...#.# # ..# ##......# #
#.# #.......# ## #.#
##>....## ##. #.# ##...###
##.. # #ยง# ##.##.## ##...
#...##.######.#...####....
.........S@...........'....
##...##.######.#...####....
##. #.# #.##.## ##... # #.#
#.#### ##.. #.# #..# ##.
... ##.# # #.# #.# # #. #.#
# #.######## ##


You could see a water moccasin.

Vanquished Creatures
  Pikel (D:4)
  2 steam dragons
  Menkaure (D:6)
  A water moccasin (D:6)
  3 sky beasts
  Purgy (D:3)
  An orc warrior (D:7)
  An ice beast (D:5)
  A black bear (D:6)
  2 ogres
  A lemure (D:3)
  Blork the orc (D:5)
  3 scorpions (D:5)
  A water moccasin zombie (D:5)
  A wyvern zombie (D:6)
  A howler monkey (D:5)
  A bullfrog zombie (D:5)
  A gnoll shaman (D:5)
  A centaur skeleton (D:5)
  A jelly (D:6)
  Crazy Yiuf (D:7)
  A bullfrog skeleton (D:5)
  An iguana (D:6)
  2 orc wizards
  A killer bee zombie (D:6)
  A hound zombie (D:5)
  A hound skeleton (D:4)
  Robin (D:2)
  A howler monkey zombie (D:4)
  7 gnolls
  8 adders
  A white imp (D:5)
  An ufetubus (D:5)
  4 worms
  4 dart slugs
  5 orcs
  8 ball pythons
  8 bats
  8 endoplasms
  17 goblins
  8 hobgoblins
  14 jackals
  2 quokkas
  2 frilled lizards (D:1)
  5 kobolds
  6 rats
144 creatures vanquished.

Notes
Turn   | Place    | Note
-------+----------+-------------------------------------------
     0 | D:1      | HAL9000 the Vine Stalker Brigand began the quest for the
                  | Orb.
     0 | D:1      | Reached XP level 1. HP: 11/11 MP: 2/2
    48 | D:1      | Reached skill level 5 in Stealth
    87 | D:1      | Reached XP level 2. HP: 14/15 MP: 3/3
   482 | D:1      | Found a faded altar of an unknown god.
   505 | D:1      | Reached XP level 3. HP: 8/18 MP: 4/4
  1271 | D:2      | Reached skill level 1 in Dodging
  1426 | D:2      | Gained mutation: Your natural rate of healing is unusually
                  | fast. [Vine Stalker growth]
  1426 | D:2      | Reached XP level 4. HP: 23/23 MP: 5/5
  1436 | D:2      | Noticed Robin
  1490 | D:2      | Killed Robin
  1818 | D:2      | Reached XP level 5. HP: 26/26 MP: 6/6
  2431 | D:3      | You fall into a shaft and drop 1 floor!
  2575 | D:4      | Noticed a lemure
  2576 | D:4      | Noticed a lemure
  2576 | D:4      | Noticed a lemure
  2577 | D:4      | Noticed Pikel
  2577 | D:4      | Noticed a lemure
  2657 | D:3      | Killed a lemure
  2720 | D:3      | Found a snail-covered altar of Cheibriados.
  3014 | D:3      | Found an ornate altar of the Wu Jian Council.
  3067 | D:4      | Noticed Purgy
  3130 | D:3      | Killed Purgy
  3131 | D:3      | Reached XP level 6. HP: 28/30 MP: 7/7
  3205 | D:3      | Learned a level 3 spell: Confusing Touch
  3230 | D:4      | Reached skill level 5 in Short Blades
  3263 | D:4      | Reached skill level 1 in Hexes
  3390 | D:4      | Killed Pikel
  3391 | D:4      | Reached skill level 5 in Hexes
  3391 | D:4      | Reached XP level 7. HP: 12/34 MP: 3/8
  3391 | D:4      | Gained mutation: You have razor-sharp teeth. [Vine Stalker
                  | growth]
  3391 | D:4      | Reached XP level 8. HP: 14/39 MP: 3/9
  3553 | D:4      | Found a shimmering altar of Xom.
  3557 | D:4      | Found a shimmering altar of Xom.
  3557 | D:4      | Found a shimmering altar of Xom.
  3558 | D:4      | Found a shimmering altar of Xom.
  3558 | D:4      | Found a shimmering altar of Xom.
  3558 | D:4      | Found a shimmering altar of Xom.
  3982 | D:5      | Entered Level 5 of the Dungeon
  4039 | D:5      | Learned a level 3 spell: Tukima's Dance
  4118 | D:5      | Noticed Blork the orc
  4140 | D:5      | Killed Blork the orc
  4514 | D:5      | Found a stormy altar of Qazlal.
  4686 | D:5      | Reached XP level 9. HP: 42/42 MP: 10/10
  5014 | D:6      | Found an ancient bone altar of Kikubaaqudgha.
  5125 | D:6      | Found a staircase to the Ecumenical Temple.
  5135 | Temple   | Entered the Ecumenical Temple
  5309 | Temple   | Became a worshipper of Uskayaw the Reveller
  5424 | D:6      | Reached * piety under Uskayaw
  5512 | D:6      | Reached ** piety under Uskayaw
  5694 | D:6      | Noticed Menkaure
  5698 | D:6      | Killed Menkaure
  5799 | D:7      | Found a bloodstained altar of Trog.
  5896 | D:7      | Found a shimmering blue altar of Sif Muna.
  5899 | D:7      | Identified Sif Muna's Volume of Captivating Stones
  5971 | D:7      | Found a runed translucent door.
  5972 | D:7      | Noticed Crazy Yiuf
  6096 | D:7      | Killed Crazy Yiuf
  6380 | D:7      | HP: 1/42 [poisoned by a water moccasin]
  6380 | D:7      | Slain by a water moccasin

Illustrated notes

Levels and vault maps discovered:
D:1:      lightli_arrival_maybe_door_vault, layout_rooms,
          hellmonk_ecumenical_altar_dog_temple, minivault_11,
          minmay_close_crescents
D:2:      minmay_wonky_spiral, layout_loops_cross, uniq_robin
D:3:      layout_rooms, nicolae_overflow_crystal_walls,
          nzn_wu_jian_contemplation
D:4:      layout_gridville, xom_redecorated, lemuel_flame_loot_1, uniq_pikel,
          uniq_purgy
D:5:      layout_loops_ring, kennysheep_little_box, st_stairs_8,
          minmay_misc_feat_x, minmay_manual_moon, uniq_blork_the_orc
D:6:      layout_gridville, marbit_many_paths, minmay_temple_entry_trees,
          nrook_uturn, uniq_menkaure
D:7:      layout_loops_corners, kennysheep_mini_moat,
          nzn_overflow_gifts_of_might_and_magic, nrook_campfire,
          uniq_crazy_yiuf_cottage, uniq_maggie
Temple:   minmay_temple_bridge_abc

Skill      XL: |  1  2  3  4  5  6  7  8  9 |
---------------+----------------------------+-----
Stealth        | 5 6 7 8 |  8.1
Short Blades   | 2 3 4 5 6 8 |  8.5
Dodging        | 1 |  1.0
Hexes          | 5 7 |  7.4
Fighting       | |  1.8
Throwing       | |  1.7

Action                   |  1- 3 |  4- 6 |  7- 9 || total
-------------------------+-------+-------+-------++-------
Melee: Dagger            |   100 |   245 |   218 ||   563
       Bite              |    19 |    72 |    74 ||   165
Throw: Dart              |       |    32 |     7 ||    39
 Cast: Confusing Touch   |       |       |     5 ||     5
  Use: Scroll            |       |       |     2 ||     2
 Stab: Sleeping          |     7 |    14 |     9 ||    30
       Distracted        |       |     1 |       ||     1
       Confused          |       |       |     3 ||     3
Armor: Robe              |    38 |    99 |    52 ||   189
Dodge: Dodged            |    66 |   152 |   100 ||   318

Table legend: (Time is in decaauts)
 A = Elapsed time spent in this place.
 B = Non-inter-level travel time spent in this place.
 C = Inter-level travel time spent in this place.
 D = Time resting spent in this place.
 E = Time spent auto-exploring this place.
 F = Levels seen in this place.
 G = Mean time per level.
                   A        B        C        D        E       F      G
               +--------+--------+--------+--------+--------+-----+--------+
         Total |   6255 |   5979 |    276 |    571 |   4200 |   8 |  781.9 |
       Dungeon |   6059 |   5804 |    255 |    571 |   4029 |   7 |  865.6 |
        Temple |    195 |    174 |     21 |      0 |    171 |   1 |  195.0 |
               +--------+--------+--------+--------+--------+-----+--------+

Top non-repeatable levels by time:
     D:2: 1195 daAuts
     D:1: 1129 daAuts
     D:4: 967 daAuts
     D:5: 958 daAuts
     D:3: 632 daAuts
     D:7: 617 daAuts
     D:6: 560 daAuts
  Temple: 195 daAuts
